 Dungeon Crawl Stone Soup version 0.32-a0-672-gff75c0d (webtiles) character file.

Game seed: 5775818893760096182

8700 Dorkslayer the Covert (level 11, -15/75 HPs)
             Began as an Octopode Fighter on Mar 10, 2024.
             Was a Believer of Dithmenos.
             Demolished by a yak (17 damage)
             ... on level 9 of the Dungeon.
             The game lasted 00:27:38 (7026 turns).

Dorkslayer the Covert (Octopode Fighter)            Turns: 7026, Time: 00:27:38

Health: -15/75     AC:  1    Str: 20    XL:     11   Next: 35%
Magic:  11/11      EV: 14    Int: 11    God:    Dithmenos [**....]
Gold:   534        SH:  5    Dex: 11    Spells: 10/10 levels left

rFire   . . .        g - +4 spear (distort)
rCold   + . .        a - +1 buckler
rNeg    + . .        (helmet restricted)
rPois   .            (no amulet)
rElec   .            p - ring of positive energy
rCorr   .            m - ring of protection from cold
SInv    .            (no ring)
Will    .....        (no ring)
Stlth   +++++++      (no ring)
HPRegen 0.32/turn    (no ring)
MPRegen 0.12/turn    (no ring)
                     (no ring)

%: no passive effects
@: wreathed by umbra
A: almost no armour, amphibious, 8 rings, camouflage 1, gelatinous body 1,
(nimble swimmer 1), tentacles, tentacle spike 1
a: Renounce Religion, Shadow Step


You were on level 9 of the Dungeon.
You worshipped Dithmenos.
Dithmenos was pleased with you.
You visited 2 branches of the dungeon, and saw 10 of its levels.
You also visited: Sewer and Ossuary.

You collected 567 gold pieces.
You spent 33 gold pieces at shops.

Inventory:

Hand Weapons
 c - a +0 war axe of electrocution
 g - a +4 spear of distortion (weapon)
 t - the +8 hammer of the Wraith {freeze, Int+3}
   (You found it on level 4 of the Dungeon)

   Int+3:     It affects your intelligence (+3).
 w - a +0 vampiric broad axe
 y - a +3 war axe of freezing
Missiles
 v - a throwing net
 z - 3 boomerangs
 C - a curare-tipped dart
Armour
 a - a +1 buckler (worn)
Jewellery
 m - a ring of protection from cold (right tentacle)
 p - a ring of positive energy (left tentacle)
Talismans
 l - a flux talisman
Wands
 b - a wand of flame (17) (quivered)
 o - a wand of iceblast (12)
 B - a wand of acid (12)
Scrolls
 j - a scroll of amnesia
 k - 2 scrolls of fear
 n - 3 scrolls of immolation
 r - 2 scrolls of poison
 u - 2 scrolls of revelation
 x - 4 scrolls of teleportation
Potions
 d - 2 potions of resistance
 e - a potion of cancellation
 f - a potion of brilliance
 h - 2 potions of heal wounds
 i - 5 potions of curing
 q - 2 potions of lignification
 s - 2 potions of ambrosia
 A - a potion of enlightenment


   Skills:
 * Level 7.1 Fighting
 + Level 7.3 Polearms
 * Level 6.5 Dodging
 + Level 10.4 Stealth
 + Level 3.8 Shields
 * Level 6.6 Unarmed Combat
 * Level 7.1 Evocations
 * Level 4.6 Shapeshifting


You had 10 spell levels left.
You didn't know any spells.
Your spell library contained the following spells:

 Spells                   Type           Power      Damage    Failure   Level
 Kiss of Death            Conj/Necr      0%         2d5       41%         1
 Ensorcelled Hibernation  Hex/Ice        0%         N/A       54%         2
 Static Discharge         Conj/Air       0%         3-3/arc   54%         2
 Confusing Touch          Hex            0%         N/A       78%         3
 Passwall                 Erth           0%         N/A       78%         3
 Swiftness                Air            0%         N/A       78%         3
 Airstrike                Air            0%         2d(0-16)  99%         4
 Dispel Undead            Necr           0%         3d6       99%         4
 Summon Lightning Spire   Summ/Air       0%         N/A       99%         4


Dungeon Overview and Level Annotations

Branches:
Dungeon (9/15)             Temple (1/1) D:4            Lair (0/5) D:8
  Sewer (visited)         Ossuary (visited)
    Orc: D:9-12

Altars:
Ashenzari
Cheibriados
Dithmenos
Elyvilon
Fedhas
Gozag
Hepliaklqana
Makhleb
Nemelex Xobeh
Okawaru
Qazlal
Ru
Sif Muna
Trog
Uskayaw
Vehumet
Wu Jian
Xom
Yredelemnul
Zin
The Shining One

Shops:
D:3 [   D:6 (

Annotations:
Abyss:1 Edmund, Eustachio


Innate Abilities, Weirdness & Mutations

You cannot wear most types of armour.
You are amphibious.
You can wear up to eight rings at the same time.
Your skin changes colour to match your surroundings (Stealth+).
Your rubbery body absorbs attacks. (AC +1, EV +1)
((You are camouflaged when in or above water. (Stealth+)))
You have tentacles for arms and can constrict up to eight enemies at once.
One of your tentacles bears a spike.


Message History

You squeeze the yak, but do no damage.
The yak is lightly wounded.
The yak gores you. The yak closely misses you.
You hit the yak.
Your tentacle spike misses the yak.
The yak is moderately wounded.
The yak blinks!
The yak snorts and paws the ground.
The yak barely misses you.
Reach: g) +4 spear (distort)
Press: ? - help, Dir - move target, f - yak
Aim: a yak (umbra, about 23% to evade your +4 spear of distortion)
You hit the yak but do no damage.
The yak is devoured by a tear in reality.
Unknown command.
You hit the yak but do no damage.
Your tentacle spike misses the yak.
You squeeze the yak.
The yak is moderately wounded.
The yak gores you!
* * * LOW HITPOINT WARNING * * *
You hit the yak.
Space warps around the yak.
You pierce the yak, but do no damage.
The yak is severely wounded.
You hit the yak. Your squeeze misses the yak.
The yak is almost dead.
The yak blinks!
You barely miss the yak.
The yak is severely wounded.
You block the yak's attack.
You barely miss the yak.
The yak is severely wounded.
You barely miss the yak. Your squeeze misses the yak.
The yak is almost dead.
The yak gores you!
* * * LOW HITPOINT WARNING * * *
The yak gores you!
* * * LOW HITPOINT WARNING * * *
You barely miss the yak.
The yak is almost dead.
The yak closely misses you. The yak gores you!
You die...

#..# #..# #..# #.#
#..# #.# #..# #..#
#.# #..# #..# #.#
#..# #§Y# #.# #..#
#.@# #.# #..# #.Y#
#.# #..#
#..#####.######..#
#................##
#..................
###################


You could see 2 yaks.

Vanquished Creatures
  A hydra (D:8)
  The ghost of poml the Caller, a novice DsSu of Cheibriados (D:8)
  A rime drake (D:8)
  A polar bear (D:8)
  A troll (D:7)
  A hornet (D:7)
  Sigmund (D:3)
  6 yaks
  Menkaure (D:5)
  A water moccasin (D:7)
  Duvessa (D:5)
  4 orc warriors
  3 black bears
  7 ice beasts
  2 ogres (D:5)
  A wolf (D:8)
  A centaur (D:8)
  2 phantoms
  2 kobold brigands
  Blork the orc (D:6)
  3 bullfrogs
  8 scorpions (Ossuary)
  Dowan (D:5)
  4 wights (D:8)
  2 howler monkeys
  3 centaur zombies (Ossuary)
  4 lava snakes (D:8)
  3 jellies
  5 orc priests
  2 bombardier beetles
  Crazy Yiuf (D:4)
  2 human zombies (Ossuary)
  4 hounds
  A sleepcap (D:6)
  7 iguanas
  Ijyb (D:3)
  2 scorpion zombies (Ossuary)
  3 orc wizards
  3 mummies (Ossuary)
  4 gnolls
  4 river rats
  6 adders
  2 ufetubi (D:6)
  2 adder zombies (Ossuary)
  A ribbon worm (D:5)
  15 orcs
  7 ball pythons
  3 endoplasms
  2 giant cockroaches
  A gnoll zombie (Ossuary)
  7 hobgoblins
  18 jackals
  2 quokkas
  A ball python zombie (Ossuary)
  5 bats
  6 frilled lizards
  4 goblins
  2 jackal zombies (Ossuary)
  5 kobolds
  An orc zombie (Ossuary)
  12 rats
  A butterfly (D:4)
209 creatures vanquished.

Notes
Turn   | Place    | Note
-------+----------+-------------------------------------------
     0 | D:1      | Dorkslayer the Octopode Fighter began the quest for the
                  | Orb.
     0 | D:1      | Reached XP level 1. HP: 16/16 MP: 1/1
    96 | D:1      | Reached XP level 2. HP: 17/21 MP: 2/2
   273 | D:1      | Reached XP level 3. HP: 14/26 MP: 3/3
   569 | D:2      | Reached skill level 1 in Stealth
   708 | D:2      | Found a basalt altar of Yredelemnul.
   779 | D:2      | Reached XP level 4. HP: 31/31 MP: 4/4
  1158 | D:3      | Noticed Ijyb
  1164 | D:3      | Killed Ijyb
  1306 | D:3      | Reached skill level 2 in Stealth
  1330 | D:3      | Reached XP level 5. HP: 37/37 MP: 5/5
  1385 | D:3      | Noticed Sigmund
  1396 | D:3      | Killed Sigmund
  1397 | D:3      | Reached skill level 1 in Polearms
  1397 | D:3      | Reached skill level 3 in Stealth
  1397 | D:3      | Reached skill level 1 in Evocations
  1397 | D:3      | Reached XP level 6. HP: 23/43 MP: 6/6
  1416 | D:3      | Found a faded altar of an unknown god.
  1435 | D:3      | Reached skill level 1 in Shapeshifting
  1514 | D:3      | Found Poefuphe's Antique Armour Emporium.
  1572 | D:3      | Reached skill level 4 in Stealth
  1839 | D:4      | Found a staircase to the Ecumenical Temple.
  1859 | Temple   | Entered the Ecumenical Temple
  2477 | D:4      | Found a runed translucent door.
  2478 | D:4      | Noticed Crazy Yiuf
  2555 | D:4      | Killed Crazy Yiuf
  2556 | D:4      | Reached XP level 7. HP: 31/48 MP: 7/7
  2570 | D:4      | Identified the +8 hammer of the Wraith {freeze, Int+3}
  2604 | D:5      | Entered Level 5 of the Dungeon
  2705 | D:5      | Reached skill level 5 in Stealth
  2746 | D:5      | Noticed Eustachio
  2771 | D:5      | Banished Eustachio
  2772 | D:5      | Reached skill level 6 in Stealth
  2807 | D:5      | Reached XP level 8. HP: 15/54 MP: 8/8
  2831 | D:5      | Noticed Dowan
  2833 | D:5      | Noticed Duvessa
  2836 | D:5      | Killed Dowan
  2837 | D:5      | HP: 2/54 [Duvessa/+0 rapier (12)]
  2847 | D:5      | Killed Duvessa
  2917 | D:5      | Found a glowing drain.
  2922 | Sewer    | Entered a sewer
  3033 | D:5      | Found a basalt altar of Yredelemnul.
  3033 | D:5      | Noticed Edmund
  3039 | D:5      | Banished Edmund
  3042 | D:5      | Found an ornate altar of the Wu Jian Council.
  3069 | D:5      | Noticed Menkaure
  3076 | D:5      | Killed Menkaure
  3077 | D:5      | Reached skill level 7 in Stealth
  3125 | D:5      | Found a blossoming altar of Fedhas.
  3157 | D:5      | Found a sand-covered staircase.
  3166 | Ossuary  | Entered an ossuary
  3316 | Ossuary  | Reached skill level 5 in Fighting
  3339 | Ossuary  | Reached XP level 9. HP: 61/61 MP: 9/9
  3429 | Ossuary  | Reached skill level 8 in Stealth
  3491 | Ossuary  | Reached skill level 5 in Dodging
  3784 | D:5      | Reached skill level 5 in Unarmed Combat
  3786 | D:5      | Reached skill level 5 in Polearms
  3794 | D:5      | Found a shimmering blue altar of Sif Muna.
  4286 | D:5      | Found a shimmering altar of Xom.
  4289 | D:5      | Found a burning altar of Makhleb.
  4291 | D:5      | Found a shadowy altar of Dithmenos.
  4301 | D:5      | Became a worshipper of Dithmenos the Shadowed
  4689 | D:6      | Noticed Blork the orc
  4697 | D:6      | Killed Blork the orc
  4872 | D:6      | Found Doejuam's Weapon Emporium.
  4880 | D:6      | Reached skill level 9 in Stealth
  4881 | D:6      | Bought a throwing net for 33 gold pieces
  5114 | D:7      | Reached XP level 10. HP: 52/68 MP: 10/10
  5352 | D:7      | Reached * piety under Dithmenos
  5354 | D:7      | Reached skill level 5 in Evocations
  6005 | D:8      | Found a staircase to the Lair.
  6025 | D:8      | Reached skill level 10 in Stealth
  6304 | D:8      | Reached XP level 11. HP: 67/74 MP: 11/11
  6430 | D:8      | Found a stormy altar of Qazlal.
  6568 | D:8      | Found a runed translucent gate.
  6568 | D:8      | Found a runed translucent gate.
  6568 | D:8      | Found a runed translucent gate.
  6568 | D:8      | Noticed an 11-headed hydra
  6568 | D:8      | Noticed poml's ghost (novice DsSu)
  6598 | D:8      | Reached ** piety under Dithmenos
  6839 | D:8      | Gained mutation: One of your tentacles bears a spike.
                  | [potion of mutation]
  6856 | D:8      | Killed an 11-headed hydra
  6863 | D:8      | Killed poml's ghost
  7025 | D:9      | HP: 2/75 [yak (10)]
  7026 | D:9      | Demolished by a yak

Illustrated notes

Levels and vault maps discovered:
D:1:      co_arrival_square_in_a_square_in_a_square, layout_rooms
D:2:      layout_loops_cross, basic_altar, minmay_misc_feat_pillars
D:3:      layout_rooms, basic_ecumenical_altar, serial_shops,
          nicolae_shop_behind_doors, uniq_ijyb, uniq_sigmund
D:4:      layout_loops_corners, minmay_temple_entry_butterflies,
          uniq_crazy_yiuf_cottage
D:5:      layout_loops_corners, mainiacjoe_overflow_small_starburst,
          chequers_temple_overflow_minitemple, kennysheep_mini_moat,
          mainiacjoe_ossuary_entry_dusty_tomb, lightli_sewer_entry_pipes,
          hangedman_decor_opposing, blue_anna_alchemist, uniq_edmund,
          uniq_duvessa, uniq_menkaure, uniq_eustachio
D:6:      layout_loops_ring, serial_shops, nicolae_shop_getting_attention,
          serial_rivers, chequers_serial_rivers_micro_c,
          chequers_serial_rivers_micro_b, chequers_serial_rivers_micro_a,
          chequers_serial_rivers_small_b, uniq_blork_the_orc
D:7:      layout_rooms
D:8:      layout_loops_ring, mainiacjoe_overflow_chevrons,
          hellmonk_lair_entry_icy, gammafunk_ghost_hydra_chop,
          kennysheep_cluttered_room
D:9:      layout_long_grid
Temple:   nicolae_temple_god_jail

Skill      XL: |  1  2  3  4  5  6  7  8  9 10 11 |
---------------+----------------------------------+-----
Stealth        | 1 2 3 4 6 7 9 10 | 10.4
Fighting       | 4 5 6 7 |  7.1
Polearms       | 1 2 3 5 6 7 |  7.3
Unarmed Combat | 3 4 5 6 |  6.6
Evocations     | 1 2 3 4 6 7 |  7.1
Shapeshifting  | 1 2 3 4 |  4.6
Dodging        | 4 5 6 |  6.5
Shields        | |  3.8

Action                     |  1- 3 |  4- 6 |  7- 9 | 10-12 || total
---------------------------+-------+-------+-------+-------++-------
  Melee: Unarmed           |    44 |       |       |       ||    44
         Constrict         |    20 |    13 |    49 |    17 ||    99
         Tentacles         |    15 |     7 |    25 |    30 ||    77
         Punch             |     1 |       |       |       ||     1
         Spear             |    11 |    69 |   238 |   157 ||   475
         Kick              |       |       |       |     8 ||     8
  Evoke: Wand              |       |       |     4 |    37 ||    41
    Use: Potion            |       |     4 |     6 |     5 ||    15
         Scroll            |       |     1 |    21 |     2 ||    24
   Stab: Sleeping          |     7 |    15 |    28 |     6 ||    56
         Distracted        |       |     2 |       |       ||     2
         Invisible         |       |       |     1 |       ||     1
 Armour: Skin              |    16 |    19 |    70 |    40 ||   145
  Dodge: Dodged            |    25 |    19 |    62 |    55 ||   161
  Block: Buckler           |    13 |     9 |    27 |    24 ||    73

Table legend: (Time is in decaauts)
 A = Elapsed time spent in this place.
 B = Non-inter-level travel time spent in this place.
 C = Inter-level travel time spent in this place.
 D = Time resting spent in this place.
 E = Time spent auto-exploring this place.
 F = Levels seen in this place.
 G = Mean time per level.
                   A        B        C        D        E       F      G
               +--------+--------+--------+--------+--------+-----+--------+
         Total |   6976 |   6963 |     13 |    198 |   3632 |  12 |  581.3 |
       Dungeon |   6417 |   6404 |     13 |     88 |   3610 |   9 |  713.0 |
        Temple |     41 |     41 |      0 |      0 |      0 |   1 |   41.0 |
         Sewer |     73 |     73 |      0 |      0 |      0 |   1 |   73.0 |
       Ossuary |    443 |    443 |      0 |    110 |     22 |   1 |  443.0 |
               +--------+--------+--------+--------+--------+-----+--------+

Top non-repeatable levels by time:
     D:5: 1362 daAuts
     D:8: 1102 daAuts
     D:4: 929 daAuts
     D:7: 671 daAuts
     D:6: 602 daAuts
     D:2: 595 daAuts
     D:3: 550 daAuts
     D:1: 492 daAuts
 Ossuary: 443 daAuts
     D:9: 110 daAuts
   Sewer: 73 daAuts
  Temple: 41 daAuts
